 Dungeon Crawl Stone Soup version 0.22-a0-456-g11ed031 (webtiles) character file.

28 Galumer the Chopper (level 2, -4/27 HPs)
             Began as a Minotaur Berserker on June 7, 2018.
             Was a Follower of Trog.
             Killed from afar by Sigmund (7 damage)
             ... with a magic dart
             ... on level 2 of the Dungeon on June 8, 2018.
             The game lasted 00:14:41 (1737 turns).

Galumer the Chopper (Minotaur Berserker)            Turns: 1737, Time: 00:14:42

Health: -4/27      AC:  5    Str: 21    XL:     2   Next: 96%
Magic:  1/1        EV: 11    Int:  4    God:    Trog [*.....]
Gold:   77         SH:  0    Dex:  9    Spells: 1/1 levels left

rFire    . . .     SeeInvis .   a - +0 hand axe
rCold    . . .     Gourm    .   (no shield)
rNeg     . . .     Faith    .   e - +0 ring mail
rPois    .         Spirit   .   (helmet restricted)
rElec    .         Reflect  .   (no cloak)
rCorr    .         Harm     .   (no gloves)
MR       .....                  (no boots)
Stlth    ..........             (no amulet)
HPRegen  0.09/turn              (no ring)
MPRegen  0.07/turn              (no ring)

@: no status effects
A: retaliatory headbutt, horns 2
a: Berserk, Renounce Religion


You were on level 2 of the Dungeon.
You worshipped Trog.
Trog was aware of your devotion.
You were not hungry.

You visited 1 branch of the dungeon, and saw 2 of its levels.

You collected 77 gold pieces.

Inventory:

Hand Weapons
 a - a +0 hand axe (weapon)
Missiles
 g - 48 stones (quivered)
 l - 4 tomahawks
 p - 31 sling bullets
Armour
 b - a +0 animal skin
 d - a +0 helmet
 e - a +0 ring mail (worn)
 h - a cursed -2 leather armour
Jewellery
 f - a +3 ring of strength {unknown}
Scrolls
 i - 2 scrolls of magic mapping {unknown}
 j - a scroll of amnesia {unknown}
 n - a scroll of enchant weapon {unknown}
Potions
 k - a potion of lignification {unknown}
 o - a potion of heal wounds {unknown}
 q - a potion of might {unknown}
 r - a potion of flight {unknown}
Comestibles
 c - 3 rations
 m - a chunk of flesh


   Skills:
 + Level 4.1 Fighting
 + Level 4.3 Axes
 + Level 2.8 Armour
 + Level 2.3 Dodging


You had one spell level left.
You didn't know any spells.
Your spell library was empty.

Dungeon Overview and Level Annotations

Branches:
Dungeon (2/15)

Altars:

Annotations:
D:2 Sigmund


Innate Abilities, Weirdness & Mutations

You reflexively headbutt those who attack you in melee.
You have a pair of horns on your head.


Message History

Sigmund hits you but does no damage.
You hit Sigmund.
Sigmund is almost dead.
Sigmund gestures wildly while chanting.
Sigmund flickers and vanishes!
Deactivating autopickup; reactivate with Ctrl-A.
You miss something. Something hits you.
You miss something.
You hear some strange, mumbled words.
A magic dart appears from out of thin air!
The magic dart hits you!
You barely miss something. Something hits you.
You closely miss something. You miss something. Your headbutt misses something.
Something hits you.
You closely miss something. Something hits you.
You miss something. Something hits you!
* * * LOW HITPOINT WARNING * * *
A magic dart appears from out of thin air!
The magic dart hits you!
You die...

##.### ### .. #....
.. .# ### #..# ##.#
..# ..#####..#
#..##$### #..[....#
##.##....
##.##...#######..#..#
.[.................#
...##########.....##
...# #..##@..# ...#
#.###.#.# ...# #.
#.#... ...# ..
#?##### ...# .###..b#
#### .. #..### #.# #.
.


You could see a bat.

Vanquished Creatures
  An adder (D:2)
  A leopard gecko (D:1)
  An orc (D:2)
  A giant cockroach (D:2)
  2 goblins (D:1)
  2 hobgoblins
  4 bats
  A frilled lizard (D:1)
  2 kobolds (D:1)
  A rat (D:1)
16 creatures vanquished.

Notes
Turn   | Place    | Note
-------+----------+-------------------------------------------
     0 | D:1      | Galumer the Minotaur Berserker began the quest for the Orb.
     0 | D:1      | Reached XP level 1. HP: 19/19 MP: 0/0
   536 | D:1      | Reached XP level 2. HP: 24/27 MP: 1/1
  1716 | D:2      | Noticed Sigmund
  1737 | D:2      | Killed from afar by Sigmund

Vault maps used:
D:1:      dpeg_arrival_oval
D:2:      first_ration, uniq_sigmund

Skill      XL: |  1  2 |
---------------+-------+-----
Axes           | 4 |  4.3
Fighting       | 4 |  4.1
Armour         | |  2.8
Dodging        | |  2.3

Action                   || total
-------------------------++-------
Melee: Hand axe          ||    54
       Headbutt          ||     4
  Eat: Chunk             ||     2
Armor: Ring mail         ||    17
Dodge: Dodged            ||    27

Table legend:
 A = Spawn XP
 B = Non-spawn XP
 C = Spawn XP percentage of total XP
 D = Spawn monster count
 E = Non-spawn monster count
 F = Spawn count percentage of total count
 G = Total turns spent on level
                    A         B        C        D         E        F      G
               +---------+---------+-------+---------+---------+-------+---------
         Total |       0 |      40 |   0.0 |       0 |      16 |   0.0 |  1737
               +---------+---------+-------+---------+---------+-------+---------
           D:1 |       0 |      15 |   0.0 |       0 |       9 |   0.0 |  1305
           D:2 |       0 |      25 |   0.0 |       0 |       7 |   0.0 |   432
               +---------+---------+-------+---------+---------+-------+---------
